 Dungeon Sprint DCSS version 0.30.1 (webtiles) character file.

Game seed: 3173353625333857148

54 boopmooplesden the Cruncher (level 6, -1/41 HPs)
             Began as a Gargoyle Gladiator on July 10, 2023.
             Was an Elder of Trog.
             Slain by a wight
             ... wielding a +4 trident of freezing
              (4 damage)
             ... in the Dungeon (Sprint VI: "Thunderdome").
             The game lasted 00:02:08 (478 turns).

boopmooplesden the Cruncher (Gargoyle Gladiator)     Turns: 478, Time: 00:02:09

Health: -1/41      AC:  8    Str: 19    XL:     6   Next: 87%
Magic:  6/6        EV: 15    Int:  9    God:    Trog [****..]
Gold:   145        SH:  0    Dex: 15    Spells: 5/5 levels left

rFire   . . .        a - +0 quarterstaff
rCold   . . .        (shield currently unavailable)
rNeg    + + +        b - +0 leather armour
rPois   ∞            c - +0 helmet
rElec   +            (no cloak)
rCorr   +            (no gloves)
SInv    .            (no boots)
Will    +....        r - amulet "Syohiug" {Faith +Inv rN+}
Stlth   ++           p - ring of Geeck {rN+ Will+ Dex+4}
HPRegen 0.26/turn    q - ring of Wonder {rN+ rCorr}
MPRegen 0.10/turn

%: no teleportation, faith
@: no status effects
A: sickness immunity, AC +4, negative energy resistance 1, electricity
resistance, torment resistance 1, petrification resistance
a: Renounce Religion, Evoke Invisibility, Berserk, Trog's Hand, Brothers in Arms


You were in the Dungeon.
You worshipped Trog.
Trog was greatly pleased with you.
You visited 1 branch You collected 280 gold pieces.
You spent 135 gold pieces at shops.

Inventory:

Hand Weapons
 a - a +0 quarterstaff (weapon)
Missiles
 d - 3 throwing nets (quivered)
 e - a javelin
Armour
 b - a +0 leather armour (worn)
 c - a +0 helmet (worn)
Jewellery
 p - the ring of Geeck (left hand) {rN+ Will+ Dex+4}
   (You bought it in a shop in the Dungeon)

   [ring of positive energy]

   Dex:       It affects your dexterity (+4).
   rN:        It protects you from negative energy.
   Will:      It increases your willpower.
 q - the ring of Wonder (right hand) {rN+ rCorr}
   (You bought it in a shop in the Dungeon)

   [ring of resist corrosion]

   rN:        It protects you from negative energy.
   rCorr:     It protects you from acid and corrosion.
 r - the amulet "Syohiug" (around neck) {Faith +Inv rN+}
   (You bought it in a shop in the Dungeon)

   [amulet of faith]

   It allows you to gain divine favour quickly.
   rN:        It protects you from negative energy.
   +Inv:      It lets you turn invisible.
Wands
 m - a wand of quicksilver (5)
 n - a wand of iceblast (5)
Scrolls
 k - 4 scrolls of blinking
 o - 3 scrolls of fog
Potions
 f - a potion of curing
 g - 3 potions of heal wounds
 h - 4 potions of haste
 i - 2 potions of magic
 j - a potion of berserk rage
 l - a potion of resistance


   Skills:
 + Level 5.7 Fighting
 + Level 9.2 Staves
 + Level 4.2 Throwing
 + Level 1.7 Armour
 + Level 7.0 Dodging
 + Level 3.5 Stealth
 + Level 2.3 Evocations


You had 5 spell levels left.
You didn't know any spells.
Your spell library was empty.

Dungeon Overview and Level Annotations

Branches:
Dungeon (1/1)

Altars:
Cheibriados
Dithmenos
Fedhas
Gozag
Kikubaaqudgha
Makhleb
Okawaru
Qazlal
Ru
Sif Muna
Trog
Uskayaw
Vehumet
Wu Jian
Xom
Yredelemnul
Zin
The Shining One
Lugonu

Shops:
D *[??*?*:[((!!!!


Innate Abilities, Weirdness & Mutations

You are immune to sickness and miasma.
Your stone body is resilient. (AC +4)
You are immune to poison.
You resist negative energy. (rN+)
You are resistant to electric shocks. (rElec)
You are resistant to unholy torment.
You are immune to petrification.


Message History

You destroy the wight!
Trog accepts your kill.
Your Armour skill increases to level 1!
Your Stealth skill increases to level 3!
Things that are here:
a +0 trident; a +0 robe You feel much better.
You thump the wight!
The wight is severely damaged.
The wight hits you with a +2 hand axe.
You hit the wight.
The wight is almost destroyed.
You barely miss the wight.
The wight is almost destroyed.
The wight hits you with a +2 hand axe!
You sock the wight!
You destroy the wight!
Trog accepts your kill.
Your Staves skill increases to level 9!
Your Dodging skill increases to level 7!
Things that are here:
a +2 hand axe; a +0 robe You start resting.
A wight comes into view.
It is wielding a +4 trident of freezing. 50...
A necrophage comes into view.
The wight hits you with a +4 trident of freezing.
The wight freezes you.
You barely miss the wight.
The wight hits you with a +4 trident of freezing!
The wight freezes you.
You closely miss the wight.
The wight hits you with a +4 trident of freezing!
The wight freezes you.
* * * LOW HITPOINT WARNING * * *
You barely miss the wight.
The wight hits you with a +4 trident of freezing!
* * * LOW HITPOINT WARNING * * *
The wight freezes you.
You die...

#.....# ##.....## ##∩..)..∩##
#∩.......∩# #........_#
#_..÷...._# #..)....._#
###...n.....###
#⌠.@z........⌠#
######.8.........8.######
##..__......###.÷....___∩#
###∩........8.# #.8..[.....∩
##.............###.).........
#⌠..........###...###........
#⌠..........# #.<.# #........
#⌠..........###...###........
##.............###...........


You could see a necrophage (wandering) and a wight.

Vanquished Creatures
  Sigmund (D)
  Pargi (D)
  3 wights (D)
  An adder zombie (D)
  An endoplasm (D)
  A hobgoblin (D)
  A kobold (D)
  4 quokkas (D)
  2 rats (D)
15 creatures vanquished.

Notes
Turn   | Place    | Note
-------+----------+-------------------------------------------
     0 | D        | boopmooplesden the Gargoyle Gladiator began the quest for
                  | the Orb.
     0 | D        | Reached XP level 1. HP: 12/12 MP: 1/1
     3 | D        | Found a snail-covered altar of Cheibriados.
     4 | D        | Found a basalt altar of Yredelemnul.
     4 | D        | Found a corrupted altar of Lugonu.
     5 | D        | Found an opulent altar of Gozag.
     5 | D        | Round 1.
     6 | D        | Found a glowing golden altar of the Shining One.
     6 | D        | Found Guoggoxt's Identification Station.
     7 | D        | Found Owiafiom's Jewellery.
     7 | D        | Found Miadghir's Advanced Armour.
    15 | D        | Bought a heavily runed ivory ring for 45 gold pieces
    15 | D        | Identified the ring of Geeck {rN+ Will+ Dex+4} (You bought
                  | it in a shop in the Dungeon)
    15 | D        | Bought a scintillating tin ring for 45 gold pieces
    15 | D        | Identified the ring of Wonder {rN+ rCorr} (You bought it in
                  | a shop in the Dungeon)
    15 | D        | Bought an ancient emerald amulet for 45 gold pieces
    15 | D        | Identified the amulet "Syohiug" {Faith +Inv rN+} (You
                  | bought it in a shop in the Dungeon)
    29 | D        | Found Eclihele's Magic Scroll Shop.
    30 | D        | Found a blossoming altar of Fedhas.
    30 | D        | Found a shimmering altar of Xom.
    30 | D        | Found an iron altar of Okawaru.
    30 | D        | Found Gemuy's Staff Store.
    30 | D        | Found Tahogham's Magic Scroll Shop.
    30 | D        | Found Dux Awk's Must-Have Magic.
    33 | D        | Noticed Sigmund
    34 | D        | Found an ancient bone altar of Kikubaaqudgha.
    35 | D        | Found a glowing silver altar of Zin.
    36 | D        | Found a shadowy altar of Dithmenos.
    37 | D        | Found Vibynnua's Distillery.
    37 | D        | Found a burning altar of Makhleb.
    37 | D        | Found a bloodstained altar of Trog.
    37 | D        | Found a stormy altar of Qazlal.
    37 | D        | Found Gichooff's Do-It-Yourself Clinic.
    44 | D        | Found Eblikod's Distillery.
    44 | D        | Found Azxoaf's Bottled Wisdom.
    46 | D        | Killed Sigmund
    47 | D        | Reached skill level 6 in Staves
    47 | D        | Reached skill level 5 in Dodging
    47 | D        | Reached skill level 1 in Stealth
    47 | D        | Reached skill level 1 in Evocations
    47 | D        | Reached XP level 2. HP: 7/20 MP: 2/2
    47 | D        | Reached XP level 3. HP: 8/24 MP: 3/3
    47 | D        | Reached XP level 4. HP: 10/30 MP: 4/4
    47 | D        | Reached XP level 5. HP: 12/34 MP: 5/5
    50 | D        | Found a radiant altar of Vehumet.
    54 | D        | Became a worshipper of Trog the Wrathful
    58 | D        | Found a shimmering blue altar of Sif Muna.
    58 | D        | Found Boorir's Weapon Rack.
    58 | D        | Found Pakad's Basic Armour.
    59 | D        | Found Kigoddoe's Miscellaneous Merchandise.
    60 | D        | Found an ornate altar of the Wu Jian Council.
    60 | D        | Found a sacrificial altar of Ru.
    60 | D        | Found a hide-covered altar of Uskayaw.
    60 | D        | Found Duwaur's Premium Goods.
   141 | D        | Reached * piety under Trog
   149 | D        | Arena points: 12 (+12) [x2]
   206 | D        | Round 2.
   224 | D        | Reached ** piety under Trog
   250 | D        | Reached skill level 7 in Staves
   298 | D        | Reached *** piety under Trog
   312 | D        | Noticed Pargi
   319 | D        | Killed Pargi
   319 | D        | Arena points: 54 (+42) [x3]
   320 | D        | Reached skill level 8 in Staves
   320 | D        | Reached XP level 6. HP: 40/40 MP: 6/6
   375 | D        | Round 3.
   390 | D        | Reached **** piety under Trog
   391 | D        | Reached skill level 5 in Fighting
   406 | D        | Reached skill level 1 in Armour
   434 | D        | Reached skill level 9 in Staves
   478 | D        | Slain by a wight

Illustrated notes

Levels and vault maps discovered:
D:        arena_sprint

Skill      XL: |  1  2  3  4  5  6 |
---------------+-------------------+-----
Fighting       | 4 5 |  5.7
Staves         | 6 8 9 |  9.2
Throwing       | 3 4 |  4.2
Dodging        | 5 6 7 |  7.0
Stealth        | 1 2 3 |  3.5
Evocations     | 1 2 |  2.3
Armour         | 1 |  1.7

Action                     |  1- 3 |  4- 6 || total
---------------------------+-------+-------++-------
  Melee: Quarterstaff      |     7 |    46 ||    53
Ability: Evoke Invisibilit |     1 |       ||     1
    Use: Potion            |       |     1 ||     1
   Stab: Invisible         |     2 |       ||     2
         Distracted        |       |     1 ||     1
 Armour: Leather armour    |       |    11 ||    11
  Dodge: Dodged            |     4 |    24 ||    28
